 Dungeon Sprint DCSS version 0.28-a0-1624-g820543e53a (webtiles) character file.

Game seed: 13943378136518785473

460728 mhtbhm the Conqueror (level 20, -9/216 HPs)
             Began as a Minotaur Fighter on Jan 24, 2022.
             Was an Initiate of Gozag.
             Mangled by Asmodeus (39 damage)
             ... in the Dungeon (Sprint IX: "|||||||||||||||||||||||||||||").
             The game lasted 00:29:56 (10821 turns).

mhtbhm the Conqueror (Minotaur Fighter)            Turns: 10821, Time: 00:29:57

Health: -9/216     AC: 28    Str: 40    XL:     20   Next: 15%
Magic:  21/21      EV: 21    Int:  6    God:    Gozag
Gold:   34092      SH: 24    Dex: 11    Spells: 26/26 levels left

rFire   . . .      SeeInvis .   a - +7 Sulking Sword {vorpal, sonic wave}
rCold   . . .      Faith    .   c - +0 tower shield
rNeg    + + +      Spirit   .   b - +9 scale mail "Teicoet" {*Corrode rElec Will+ Int+5}
rPois   +          Reflect  .   (helmet unavailable)
rElec   +          Harm     .   u - +0 cloak
rCorr   .          Rampage  ∞   A - +0 pair of gloves of the Goldsmith {rPois}
Will    ++...      NoTele   +   y - +3 pair of seven-league boots {Rampage+∞}
Stlth   ++++++++..              E - amulet of regeneration
HPRegen 1.26/turn               z - ring "Ogyqin Ukkoll" {Drain rN+ Str+4 Dex+3 Slay+3}
MPRegen 0.17/turn               q - ring "Koqeus" {rElec rN++ Str+6 Int-4}

@: corroded, silenced
A: horns 3, retaliatory headbutt, claws 1, clumsy 1, low mp 1
}: 9/17 runes: decaying, serpentine, barnacled, slimy, elven, silver, golden,
abyssal, gossamer
a: Renounce Religion


You were in the Dungeon.
You worshipped Gozag.
Gozag was extremely pleased with you.
You visited 1 branch You collected 51800 gold pieces.
You spent 6775 gold pieces at shops.
You paid 10933 gold pieces to Gozag.

Inventory:

Hand Weapons
 a - the +7 Sulking Sword (weapon) {vorpal, sonic wave}
   (You found it in the Dungeon)

   It inflicts extra damage upon your enemies.
   It radiates damaging sonic waves as it strikes, especially in combat
   involving dangerous or numerous foes.
 d - a +9 sacred scourge of holy wrath
Missiles
 m - 2 javelins (quivered)
Armour
 b - the +9 scale mail "Teicoet" (worn) {*Corrode rElec Will+ Int+5}
   (You found it in the Dungeon)

   Int:       It affects your intelligence (+5).
   rElec:     It insulates you from electricity.
   *Corrode:  It may corrode you when you take damage.
   Will:      It increases your willpower.
 c - a +0 tower shield (worn)
 u - a +0 cloak (worn)
 y - the +3 pair of seven-league boots (worn) {Rampage+∞}
   (You bought it in a shop in the Dungeon)

   Its wearer moves as far as possible in that direction when moving towards
   enemies.
 A - the +0 pair of gloves of the Goldsmith (worn) {rPois}
   (You bought it in a shop in the Dungeon)

   rPois:     It protects you from poison.
 B - a +0 pair of gloves of infusion
 C - a +1 pair of boots
 F - the +0 pair of boots of Tiuveed {rElec rCorr Int+2}
   (You bought it in a shop in the Dungeon)

   Int:       It affects your intelligence (+2).
   rElec:     It insulates you from electricity.
   rCorr:     It protects you from acid and corrosion.
 Q - a +2 hat
Jewellery
 q - the ring "Koqeus" (right hand) {rElec rN++ Str+6 Int-4}
   (You bought it in a shop in the Dungeon)

   [ring of strength]

   Str:       It affects your strength (+6).
   Int:       It affects your intelligence (-4).
   rElec:     It insulates you from electricity.
   rN:        It greatly protects you from negative energy.
 z - the ring "Ogyqin Ukkoll" (left hand) {Drain rN+ Str+4 Dex+3 Slay+3}
   (You bought it in a shop in the Dungeon)

   [ring of positive energy]

   Str:       It affects your strength (+4).
   Dex:       It affects your dexterity (+3).
   Slay:      It affects your accuracy & damage with ranged weapons and melee
   (+3).
   rN:        It protects you from negative energy.
   Drain:     It drains your maximum health when unequipped.
 E - an amulet of regeneration (around neck)
 L - the ring "Ziwk" {rF+++ rCorr Str+9 Dex-4 Stlth-}
   (You found it in the Dungeon)

   [ring of resist corrosion]

   Str:       It affects your strength (+9).
   Dex:       It affects your dexterity (-4).
   rF:        It renders you almost immune to fire.
   rCorr:     It protects you from acid and corrosion.
   Stlth:     It makes you less stealthy.
 N - the ring "Bapajuiz" {rPois MP+9 Int+3}
   (You found it in the Dungeon)

   [ring of intelligence]

   Int:       It affects your intelligence (+3).
   rPois:     It protects you from poison.
   MP:        It affects your magic capacity (+9).
 P - the ring "Vainnovu" {rPois rF+ rN+ rCorr Dex-4}
   (You found it in the Dungeon)

   [ring of resist corrosion]

   Dex:       It affects your dexterity (-4).
   rF:        It protects you from fire.
   rPois:     It protects you from poison.
   rN:        It protects you from negative energy.
   rCorr:     It protects you from acid and corrosion.
Wands
 l - a wand of iceblast (15)
 w - a wand of mindburst (19)
 D - a wand of charming (8)
 I - a wand of flame (12)
Scrolls
 j - 6 scrolls of blinking
 k - 2 scrolls of amnesia
 r - 6 scrolls of enchant weapon
 s - 14 scrolls of enchant armour
 K - a scroll of magic mapping
 R - a scroll of identify
 S - a scroll of fear
Potions
 e - 9 potions of curing
 f - 9 potions of heal wounds
 g - 9 potions of haste
 h - 9 potions of magic
 i - 3 potions of berserk rage
 n - a potion of attraction
 o - 4 potions of mutation
 v - a potion of lignification
 x - 2 potions of flight
Miscellaneous
 p - a lightning rod (4/4)
 T - the horn of Geryon


   Skills:
 O Level 27 Fighting
 + Level 6.7(17.8) Short Blades
 O Level 27 Long Blades
 + Level 6.6(9.0) Axes
 + Level 6.5(9.0) Maces & Flails
 + Level 6.5(9.0) Polearms
 + Level 6.5(9.0) Staves
 + Level 6.1(20.3) Slings
 + Level 6.1 Bows
 + Level 6.0 Crossbows
 O Level 27 Throwing
 O Level 27 Armour
 O Level 27 Dodging
 O Level 27 Stealth
 O Level 27 Shields
 + Level 6.0 Unarmed Combat
 + Level 3.7 Spellcasting
 + Level 4.1 Conjurations
 + Level 4.1 Hexes
 + Level 4.6 Summonings
 + Level 4.6 Necromancy
 + Level 4.6 Translocations
 + Level 5.0 Transmutations
 + Level 4.6 Fire Magic
 + Level 4.6 Ice Magic
 + Level 4.6 Air Magic
 + Level 5.1 Earth Magic
 + Level 4.6 Poison Magic
 + Level 6.1 Invocations
 O Level 27 Evocations


You had 26 spell levels left.
You didn't know any spells.
Your spell library was empty.

Dungeon Overview and Level Annotations

Branches:
Dungeon (1/1)

Altars:
Cheibriados
Dithmenos
Elyvilon
Fedhas
Gozag
Hepliaklqana
Kikubaaqudgha
Makhleb
Nemelex Xobeh
Okawaru
Qazlal
Ru
Sif Muna
Trog
Uskayaw
Vehumet
Wu Jian
Xom
Yredelemnul
Zin
The Shining One
Beogh
Jiyva
Lugonu

Shops:
D ::(([**[=*((

Annotations:
D Asmodeus, Cerebov, Dispater, Ereshkigal


Innate Abilities, Weirdness & Mutations

You have a pair of large horns on your head.
You reflexively headbutt those who attack you in melee.
You have sharp fingernails.
You are clumsy. (Dex -2)
Your magical capacity is low. (-10% MP)


Message History

Unknown command.
You hit Asmodeus.
Asmodeus is severely wounded.
You are engulfed in blazing flames.
* * * LOW HITPOINT WARNING * * *
Asmodeus hits you with the +7 sceptre of Asmodeus!!
* * * LOW HITPOINT WARNING * * *
You block the hellion's attack.
You hit Asmodeus.
The Sulking Sword makes a hopeless impression.
You headbutt Asmodeus, but do no damage.
Asmodeus is severely wounded.
You are engulfed in blazing flames.
Asmodeus gestures.
You block the hellion's attack.
You hit Asmodeus.
You headbutt Asmodeus, but do no damage.
Asmodeus is severely wounded.
You are engulfed in blazing flames.
* * * LOW HITPOINT WARNING * * *
Your corrosive artefact corrodes you!
You block Asmodeus's attack. The hellion gestures at you.
The sphere of damnation explodes!
The damnation engulfs you!!
* * * LOW HITPOINT WARNING * * *
The damnation engulfs Asmodeus.
Asmodeus completely resists.
The damnation engulfs the hellion.
The hellion completely resists.
You feel much better.
You are engulfed in blazing flames.
* * * LOW HITPOINT WARNING * * *
Asmodeus gestures.
Ereshkigal gestures.
Ereshkigal's surroundings become eerily quiet.
You block the hellion's attack.
Cerebov gestures.
Cerebov seems to speed up.
You block Asmodeus's attack.
Unknown command.
You feel much better.
You are engulfed in blazing flames.
* * * LOW HITPOINT WARNING * * *
You block the hellion's attack.
Asmodeus hits you with the +7 sceptre of Asmodeus!!!
You die...
Your body crumbles into a pile of gold.

*********▓▓▓▓▓▓▓▓▓▓▓▓▓▓▓▓▓▓▓▓▓▓▓▓
,,,,,,,,,(.&2&&&@2.∩∩.∩∩.........
▓▓▓▓▓▓▓▓▓▓▓▓▓▓▓▓▓▓▓▓▓▓▓▓▓▓▓▓▓▓▓▓▓
.................................
▓▓▓▓▓▓▓▓▓▓▓▓▓▓▓▓▓▓▓▓▓▓▓▓▓▓▓▓▓▓▓▓▓
...........'.........'.........'.
▓▓▓▓▓▓▓▓▓▓▓▓▓▓▓▓▓▓▓▓▓▓▓▓▓▓▓▓▓▓▓▓▓
.................................
▓▓▓▓▓▓▓▓▓▓▓▓▓▓▓▓▓▓▓▓▓▓▓▓▓▓▓▓▓▓▓▓▓
..................')))).)).))))))


You could see Cerebov (fast, unsilenced), Asmodeus (fast, clouds, unsilenced),
Dispater (unsilenced), Ereshkigal (silencing, unsilenced), a balrug (summoned,
unsilenced) and a hellion (summoned, unsilenced).

Vanquished Creatures
  the Royal Jelly (D)
  5 ancient liches (D)
  Mara (D)
  3 orbs of fire (D)
  Mennas (D)
  Sojobo (D)
  4 royal mummies (D)
  Boris (D)
  A Killer Klown (D)
  Margery (D)
  4 golden dragons (D)
  Geryon (D)
  A bone dragon (D)
  2 electric golems (D)
  5 tentacled monstrosities (D)
  A walking crystal tome (D)
  3 deep elf blademasters (D)
  A lich (D)
  26 Orb Guardians (D)
  4 deep elf master archers (D)
  12 acid blobs (D)
  A quicksilver dragon (D)
  3 death cobs (D)
  14 sphinxes (D)
  A tentacled starspawn (D)
  2 tengu reavers (D)
  Kirke (D)
  6 shadow dragons (D)
  A draconian monk (D)
  A storm dragon (shapeshifter) (D)
  4 storm dragons (D)
  7 nagarajas (D)
  4 draconian knights (D)
  13 rockslimes (D)
  4 fire giants (D)
  3 emperor scorpions (D)
  3 azure jellies (D)
  5 ghost moths (D)
  4 frost giants (D)
  2 draconian scorchers (D)
  2 ironbound preservers (D)
  3 very ugly things (D)
  3 draconian annihilators (D)
  A draconian shifter (D)
  Aizul (D)
  2 draconian stormcallers (D)
  2 ironbound thunderhulks (D)
  5 quicksilver oozes (D)
  4 stone giants (D)
  10 vampire knights (D)
  3 deep elf demonologists (D)
  An eleionoma (D)
  3 black draconians (D)
  A bunyip (D)
  3 green draconians (D)
  A purple draconian (D)
  2 entropy weavers (D)
  Nessos (D)
  2 white draconians (D)
  A red draconian (D)
  3 yellow draconians (D)
  2 mummy priests (D)
  A deep elf death mage (D)
  4 yaktaur captains (D)
  6 merfolk javelineers (D)
  3 fire dragons (D)
  4 ettins (D)
  A great orb of eyes (D)
  5 merfolk impalers (D)
  4 naga warriors (D)
  A boulder beetle (D)
  3 deep elf high priests (D)
  10 hydras (D)
  3 ice dragons (D)
  2 spriggan air magi (D)
  26 vault guards (D)
  2 ironbound frosthearts (D)
  An anaconda (shapeshifter) (D)
  A jorogumo (D)
  A ghost crab (D)
  2 merfolk aquamancers (D)
  An alligator (D)
  A catoblepas (D)
  4 centaur warriors (D)
  A two-headed ogre (D)
  A death yak (D)
  A spriggan berserker (D)
  A vampire mage (D)
  A tengu warrior (D)
  2 deep troll shamans (D)
  A naga sharpshooter (D)
  10 orc high priests (D)
  Nergalle (D)
  3 hell knights (D)
  A steelbarb worm (D)
  2 pharaoh ants (D)
  2 sea snakes (D)
  2 glowing orange brains (D)
  7 swamp dragons (D)
  A spriggan druid (D)
  A mana viper (D)
  3 wizards (D)
  An ironbound convoker (D)
  A harpy (D)
  5 necromancers (D)
  2 lindwurms (D)
  3 orc knights (D)
  4 manticores (D)
  2 wolf spiders (D)
  2 ugly things (D)
  13 moths of wrath (D)
  A cyclops (D)
  A will-o-the-wisp (D)
  2 guardian serpents (D)
  Joseph (D)
  6 vault sentinels (D)
  3 black mambas (D)
  A torpor snail (D)
  Maurice (D)
  2 naga magi (D)
  A gargoyle (D)
  Psyche (D)
  A freezing wraith (D)
  2 demonic crawlers (D)
  A tengu conjurer (D)
  22 guardian mummies (D)
  2 meliai (D)
  A wandering mushroom (D)
  A bloated husk (D)
  A hornet (D)
  A snapping turtle (D)
  A slime creature (D)
  A dream sheep (D)
  A dream sheep (shapeshifter) (D)
  2 large abominations (D)
  A ynoxinul (D)
  A jumping spider (D)
  2 starcursed masses (D)
  A culicivora (D)
  11 spriggans (D)
  2 yaks (D)
  2 wyverns (D)
  A water elemental (D)
  A basilisk (D)
  A golden eye (D)
  A hog (D)
  3 redbacks (D)
  A vampire mosquito (D)
  4 wargs (D)
  3 nagas (D)
  3 water moccasins (D)
  An acid dragon (D)
  A floating eye (D)
  11 orc warriors (D)
  A sky beast (D)
  4 wolves (D)
  A centaur (D)
  4 bullfrogs (D)
  A scorpion (D)
  A killer bee (D)
  4 orc priests (D)
  5 orc wizards (D)
  A gnoll (D)
  3 ufetubi (D)
  A dart slug (D)
  6 orcs (D)
  A ball python (D)
  An endoplasm (D)
  A hobgoblin (D)
  A bat simulacrum (D)
  A frilled lizard (D)
  A jackal zombie (D)
520 creatures vanquished.

Vanquished Creatures (others)
  A lich (D)
  Ilsuiw (D)
  An eleionoma (D)
  2 hydras (D)
  An alligator (D)
  A wizard (D)
  A hornet (D)
  A foxfire (D)
9 creatures vanquished.

Grand Total: 529 creatures vanquished

Notes
Turn   | Place    | Note
-------+----------+-------------------------------------------
     0 | D        | mhtbhm the Minotaur Fighter began the quest for the Orb.
     0 | D        | Reached XP level 1. HP: 19/19 MP: 0/0
    16 | D        | Reached XP level 2. HP: 11/28 MP: 1/1
   225 | D        | Noticed a scorpion
   225 | D        | Noticed a sky beast
   233 | D        | Killed a sky beast
   234 | D        | Reached XP level 3. HP: 14/39 MP: 2/2
   234 | D        | Reached XP level 4. HP: 17/47 MP: 3/3
   488 | D        | Killed a scorpion
   489 | D        | Reached skill level 5 in Long Blades
   489 | D        | Reached skill level 1 in Dodging
   489 | D        | Reached XP level 5. HP: 39/53 MP: 4/4
   494 | D        | Found a snail-covered altar of Cheibriados.
   494 | D        | Found a shadowy altar of Dithmenos.
   494 | D        | Found a white marble altar of Elyvilon.
   494 | D        | Found a blossoming altar of Fedhas.
   494 | D        | Found an opulent altar of Gozag.
   495 | D        | Found a hazy altar of Hepliaklqana.
   496 | D        | Found a viscous altar of Jiyva.
   497 | D        | Found an ancient bone altar of Kikubaaqudgha.
   498 | D        | Found a corrupted altar of Lugonu.
   499 | D        | Found a burning altar of Makhleb.
   500 | D        | Found a sparkling altar of Nemelex Xobeh.
   501 | D        | Found an iron altar of Okawaru.
   502 | D        | Found a stormy altar of Qazlal.
   503 | D        | Found a sacrificial altar of Ru.
   504 | D        | Found a shimmering blue altar of Sif Muna.
   505 | D        | Found a bloodstained altar of Trog.
   510 | D        | Became a worshipper of Gozag Ym Sagoz the Greedy
   515 | D        | Found a hide-covered altar of Uskayaw.
   516 | D        | Found a radiant altar of Vehumet.
   517 | D        | Found an ornate altar of the Wu Jian Council.
   518 | D        | Found a shimmering altar of Xom.
   519 | D        | Found a basalt altar of Yredelemnul.
   520 | D        | Found a glowing silver altar of Zin.
   521 | D        | Found a glowing golden altar of the Shining One.
   562 | D        | Noticed a two-headed ogre
   562 | D        | Noticed a yak
   562 | D        | Noticed a centaur
   562 | D        | Noticed a gargoyle
   562 | D        | Noticed a wyvern
   565 | D        | Killed a wyvern
   566 | D        | Reached XP level 6. HP: 24/63 MP: 5/5
   573 | D        | Killed a gargoyle
   574 | D        | Reached skill level 10 in Armour
   574 | D        | Reached skill level 1 in Stealth
   574 | D        | Reached XP level 7. HP: 35/71 MP: 6/6
   576 | D        | Reached skill level 10 in Fighting
   576 | D        | Reached skill level 10 in Shields
   581 | D        | Killed a yak
   585 | D        | Killed a two-headed ogre
   586 | D        | Reached XP level 8. HP: 40/82 MP: 7/7
   779 | D        | Noticed a red ugly thing
   779 | D        | Noticed a five-headed hydra
   779 | D        | Noticed a centaur warrior
   779 | D        | Noticed a centaur warrior
   785 | D        | Killed a centaur warrior
   790 | D        | Reached XP level 9. HP: 77/90 MP: 8/8
   798 | D        | Killed a centaur warrior
   799 | D        | Reached skill level 1 in Evocations
   801 | D        | Killed a two-headed hydra
   807 | D        | Killed a red ugly thing
  1115 | D        | Noticed a black mamba
  1116 | D        | Noticed a catoblepas
  1118 | D        | Reached skill level 15 in Armour
  1119 | D        | Reached XP level 10. HP: 94/101 MP: 9/9
  1120 | D        | Killed a catoblepas
  1124 | D        | Killed a black mamba
  1125 | D        | Reached skill level 15 in Long Blades
  1125 | D        | Reached skill level 5 in Stealth
  1207 | D        | Noticed a lindwurm
  1207 | D        | Noticed a seven-headed hydra
  1207 | D        | Noticed a death yak
  1207 | D        | Noticed a five-headed hydra
  1212 | D        | Killed a three-headed hydra
  1215 | D        | Killed a seven-headed hydra
  1216 | D        | Killed a lindwurm
  1216 | D        | Killed a death yak
  1216 | D        | Noticed a five-headed hydra
  1217 | D        | Reached XP level 11. HP: 89/111 MP: 10/10
  1225 | D        | Killed a two-headed hydra
  1226 | D        | Reached skill level 5 in Dodging
  1351 | D        | Reached skill level 5 in Evocations
  1472 | D        | Noticed Psyche
  1478 | D        | Killed Psyche
  1508 | D        | Noticed a stone giant
  1522 | D        | Killed a stone giant
  1523 | D        | Reached skill level 15 in Fighting
  2002 | D        | Found Meug's Antique Weapon Boutique.
  2002 | D        | Noticed an orc high priest
  2002 | D        | Noticed an orc knight
  2002 | D        | Noticed an orc high priest
  2002 | D        | Noticed an orc knight
  2002 | D        | Noticed an orc high priest
  2003 | D        | Noticed an orc high priest
  2005 | D        | Killed an orc high priest
  2006 | D        | Noticed a sun demon
  2006 | D        | Killed an orc high priest
  2008 | D        | Killed an orc high priest
  2009 | D        | Noticed an orc high priest
  2009 | D        | Killed an orc knight
  2009 | D        | Killed an orc knight
  2011 | D        | Found Vote's Antique Weapon Shop.
  2013 | D        | Found Rel Begu's Book Boutique.
  2013 | D        | Noticed an orc high priest
  2015 | D        | Killed an orc high priest
  2019 | D        | Killed an orc high priest
  2021 | D        | Noticed an orc high priest
  2023 | D        | Killed an orc high priest
  2023 | D        | Noticed an orc high priest
  2024 | D        | Reached XP level 12. HP: 80/123 MP: 11/11
  2031 | D        | Noticed an orc high priest
  2045 | D        | Killed an orc high priest
  2443 | D        | Killed an orc high priest
  2456 | D        | Killed an orc high priest
  2474 | D        | Found Mottem's Book Shop.
  2480 | D        | Noticed an orc high priest
  2498 | D        | Killed an orc high priest
  2559 | D        | Bought a glowing demon blade for 360 gold pieces
  2679 | D        | Noticed Joseph
  2691 | D        | Killed Joseph
  2842 | D        | Noticed a seven-headed hydra
  2842 | D        | Noticed a centaur warrior
  2845 | D        | Noticed a centaur warrior
  2846 | D        | Killed a centaur warrior
  2848 | D        | Noticed a frost giant
  2850 | D        | Killed a seven-headed hydra
  2850 | D        | Noticed a lich
  2852 | D        | Killed a centaur warrior
  2861 | D        | Noticed a tengu warrior
  2868 | D        | Killed a frost giant
  2868 | D        | Killed a lich
  2869 | D        | Reached skill level 10 in Evocations
  2873 | D        | Noticed a spriggan air mage
  2878 | D        | Killed a tengu warrior
  2881 | D        | Killed a spriggan air mage
  3009 | D        | Noticed a vampire mage
  3010 | D        | Noticed an ettin
  3016 | D        | Killed an ettin
  3016 | D        | Killed a vampire mage
  3193 | D        | Noticed an entropy weaver
  3193 | D        | Noticed a jorogumo
  3193 | D        | Noticed an entropy weaver
  3197 | D        | Reached skill level 15 in Shields
  3197 | D        | Reached XP level 13. HP: 136/136 MP: 12/12
  3197 | D        | Killed an entropy weaver
  3198 | D        | Killed an entropy weaver
  3281 | D        | Noticed a merfolk javelineer
  3291 | D        | Killed a merfolk javelineer
  3406 | D        | Noticed a bunyip
  3406 | D        | Noticed an eleionoma
  3408 | D        | Killed an eleionoma
  3409 | D        | Noticed an eleionoma
  3415 | D        | Killed a bunyip
  3421 | D        | Killed an eleionoma
  3630 | D        | Noticed a nagaraja
  3636 | D        | Killed a nagaraja
  4024 | D        | Noticed Aizul
  4034 | D        | Killed Aizul
  4035 | D        | Reached skill level 15 in Evocations
  4069 | D        | Noticed Nergalle
  4083 | D        | Noticed Maurice
  4084 | D        | Killed Nergalle
  4090 | D        | Killed Maurice
  4229 | D        | Noticed a fire giant
  4229 | D        | Noticed a stone giant
  4229 | D        | Noticed a sphinx
  4234 | D        | Killed a sphinx
  4235 | D        | Reached XP level 14. HP: 138/149 MP: 13/13
  4235 | D        | Killed a stone giant
  4237 | D        | Killed a fire giant
  4238 | D        | Noticed a frost giant
  4241 | D        | Noticed a green very ugly thing
  4243 | D        | Noticed a red very ugly thing
  4244 | D        | Killed a frost giant
  4244 | D        | Noticed a vampire knight
  4248 | D        | Killed a green very ugly thing
  4251 | D        | Killed a vampire knight
  4255 | D        | Killed a red very ugly thing
  4330 | D        | Noticed a stone giant
  4331 | D        | Noticed a fire giant
  4341 | D        | Killed a stone giant
  4342 | D        | Reached skill level 10 in Stealth
  4344 | D        | Killed a fire giant
  4458 | D        | Noticed an ironbound thunderhulk
  4463 | D        | Killed an ironbound thunderhulk
  4475 | D        | Noticed an ironbound thunderhulk
  4479 | D        | Noticed an ironbound preserver
  4480 | D        | Killed an ironbound thunderhulk
  5077 | D        | Killed an ironbound preserver
  5087 | D        | Noticed a sphinx
  5093 | D        | Killed a sphinx
  5167 | D        | Noticed an ironbound preserver
  5176 | D        | Killed an ironbound preserver
  5356 | D        | Noticed Mennas
  5425 | D        | Killed Mennas
  5816 | D        | Noticed Margery
  5827 | D        | Noticed Nessos
  5833 | D        | Killed Margery
  5834 | D        | Reached XP level 15. HP: 74/165 MP: 9/14
  5838 | D        | Killed Nessos
  6346 | D        | Noticed an emperor scorpion
  6346 | D        | Noticed an emperor scorpion
  6359 | D        | Killed an emperor scorpion
  6366 | D        | Killed an emperor scorpion
  6379 | D        | Noticed an emperor scorpion
  6391 | D        | Reached skill level 1 in Throwing
  6413 | D        | Killed an emperor scorpion
  6419 | D        | Got a gossamer rune of Zot
  6516 | D        | Bought 2 cyan potions for 64 gold pieces
  6516 | D        | Bought a potion of heal wounds for 180 gold pieces
  6516 | D        | Bought a scroll labelled LILLAQ UPEFROU for 36 gold pieces
  6516 | D        | Bought a fluorescent wand for 144 gold pieces
  6521 | D        | Bought the ring "Koqeus" {rElec rN++ Str+6 Int-4} for 1268
                  | gold pieces
  6521 | D        | Bought the ring "Ogyqin Ukkoll" {Drain rN+ Str+4 Dex+3
                  | Slay+3} for 827 gold pieces
  6527 | D        | Noticed a nagaraja
  6527 | D        | Noticed a nagaraja
  6527 | D        | Noticed a nagaraja
  6527 | D        | Noticed a nagaraja
  6528 | D        | Noticed a nagaraja
  6533 | D        | Killed a nagaraja
  6534 | D        | Killed a nagaraja
  6534 | D        | Killed a nagaraja
  6535 | D        | Killed a nagaraja
  6539 | D        | Noticed a nagaraja
  6545 | D        | Killed a nagaraja
  6551 | D        | Killed a nagaraja
  6568 | D        | Got a serpentine rune of Zot
  7204 | D        | Got a decaying rune of Zot
  7212 | D        | Noticed Ilsuiw
  7222 | D        | Killed Ilsuiw
  7254 | D        | Got a barnacled rune of Zot
  7357 | D        | Noticed Sojobo
  7357 | D        | Noticed a tengu reaver
  7357 | D        | Noticed Boris
  7358 | D        | Noticed a tengu reaver
  7363 | D        | Killed a tengu reaver
  7364 | D        | Killed a tengu reaver
  7371 | D        | Killed Sojobo
  7372 | D        | Reached XP level 16. HP: 180/180 MP: 11/15
  7375 | D        | Killed Boris
  7620 | D        | Reached skill level 27 in Fighting
  7620 | D        | Reached skill level 27 in Long Blades
  7775 | D        | Noticed a golden dragon
  7783 | D        | Identified the +9 scale mail "Teicoet" {*Corrode rElec
                  | Will+ Int+5}
  7792 | D        | Killed a golden dragon
  7841 | D        | Noticed a storm dragon
  7841 | D        | a five-headed hydra changed into a storm dragon
  7845 | D        | Killed a storm dragon
  7977 | D        | Reached skill level 27 in Shields
  8003 | D        | Noticed a shadow dragon
  8015 | D        | Killed a shadow dragon
  8016 | D        | Reached skill level 10 in Dodging
  8040 | D        | Noticed a shadow dragon
  8050 | D        | Killed a shadow dragon
  8176 | D        | Noticed a shadow dragon
  8176 | D        | Noticed an ancient lich
  8176 | D        | Noticed a shadow dragon
  8177 | D        | Noticed a tentacled monstrosity
  8180 | D        | Noticed a shadow dragon
  8184 | D        | Reached skill level 5 in Throwing
  8184 | D        | Killed a shadow dragon
  8188 | D        | Killed an ancient lich
  8192 | D        | Killed a tentacled monstrosity
  8199 | D        | Killed a shadow dragon
  8200 | D        | Reached skill level 27 in Armour
  8204 | D        | Killed a shadow dragon
  8211 | D        | Identified the +0 scale mail of Instinct {Rampage rF+
                  | Will++ Slay+3}
  8213 | D        | Got a silver rune of Zot
  8288 | D        | Noticed Mara
  8296 | D        | Killed Mara
  8297 | D        | Reached XP level 17. HP: 191/191 MP: 9/16
  8358 | D        | Noticed Kirke
  8366 | D        | Killed Kirke
  8427 | D        | Got the ring "Ziwk" {rF+++ rCorr Str+9 Dex-4 Stlth-}
  8429 | D        | Got the ring "Xull" {Fire rElec Will+ Dex-3}
  8431 | D        | Got the ring "Bapajuiz" {rPois MP+9 Int+3}
  8435 | D        | Got the ring "Vainnovu" {rPois rF+ rN+ rCorr Dex-4}
  8439 | D        | Found the +7 Singing Sword {vorpal, sonic wave}
  8595 | D        | Noticed a walking crystal tome
  8596 | D        | Noticed a tentacled monstrosity
  8600 | D        | Reached skill level 10 in Throwing
  8601 | D        | Killed a walking crystal tome
  8604 | D        | Killed a tentacled monstrosity
  8699 | D        | Noticed a tentacled monstrosity
  8704 | D        | Killed a tentacled monstrosity
  8710 | D        | Reached skill level 15 in Throwing
  8915 | D        | Noticed a tentacled monstrosity
  8915 | D        | Noticed a golden dragon
  8918 | D        | Killed a golden dragon
  8919 | D        | Reached skill level 15 in Dodging
  8924 | D        | Noticed a tentacled monstrosity
  8927 | D        | Killed a tentacled monstrosity
  8936 | D        | Killed a tentacled monstrosity
  8941 | D        | Reached skill level 15 in Stealth
  9057 | D        | Noticed an Orb Guardian
  9057 | D        | Noticed an Orb Guardian
  9057 | D        | Noticed an Orb Guardian
  9057 | D        | Noticed an Orb Guardian
  9057 | D        | Noticed an Orb Guardian
  9057 | D        | Noticed an Orb Guardian
  9060 | D        | Killed an Orb Guardian
  9060 | D        | Noticed an Orb Guardian
  9062 | D        | Noticed an Orb Guardian
  9064 | D        | Killed an Orb Guardian
  9065 | D        | Killed an Orb Guardian
  9066 | D        | Killed an Orb Guardian
  9066 | D        | Killed an Orb Guardian
  9067 | D        | Noticed an Orb Guardian
  9068 | D        | Killed an Orb Guardian
  9069 | D        | Noticed an Orb Guardian
  9073 | D        | Killed an Orb Guardian
  9074 | D        | Reached XP level 18. HP: 186/200 MP: 11/17
  9075 | D        | Killed an Orb Guardian
  9077 | D        | Killed an Orb Guardian
  9081 | D        | Killed an Orb Guardian
  9109 | D        | Noticed an orb of fire
  9109 | D        | Noticed an Orb Guardian
  9109 | D        | Noticed an Orb Guardian
  9112 | D        | Noticed an Orb Guardian
  9114 | D        | Killed an Orb Guardian
  9114 | D        | Noticed an Orb Guardian
  9115 | D        | Killed an Orb Guardian
  9115 | D        | Killed an Orb Guardian
  9123 | D        | Killed an orb of fire
  9124 | D        | Killed an Orb Guardian
  9238 | D        | Noticed an ancient lich
  9243 | D        | Killed an ancient lich
  9255 | D        | Noticed an orb of fire
  9258 | D        | Noticed an electric golem
  9258 | D        | Gained mutation: You are clumsy. (Dex -2) [an orb of fire]
  9261 | D        | Killed an orb of fire
  9262 | D        | Reached skill level 27 in Evocations
  9264 | D        | Killed an electric golem
  9274 | D        | Lost mutation: You are clumsy. (Dex -2) [potion of
                  | mutation]
  9274 | D        | Gained mutation: You have a pair of large horns on your
                  | head. [potion of mutation]
  9274 | D        | Gained mutation: You are clumsy. (Dex -2) [potion of
                  | mutation]
  9274 | D        | Gained mutation: You have sharp fingernails. [potion of
                  | mutation]
  9277 | D        | Noticed an electric golem
  9277 | D        | Noticed a golden dragon
  9281 | D        | Noticed an orb of fire
  9284 | D        | Killed a golden dragon
  9285 | D        | Noticed a golden dragon
  9287 | D        | Killed an electric golem
  9288 | D        | Gained mutation: Your magical capacity is low. (-10% MP)
                  | [an orb of fire]
  9292 | D        | Noticed an ancient lich
  9296 | D        | Killed an orb of fire
  9297 | D        | Killed a golden dragon
  9298 | D        | Noticed an ancient lich
  9301 | D        | Noticed a Killer Klown
  9304 | D        | Killed an ancient lich
  9309 | D        | Killed an ancient lich
  9313 | D        | Killed a Killer Klown
  9394 | D        | Noticed an Orb Guardian
  9394 | D        | Noticed an Orb Guardian
  9394 | D        | Noticed an Orb Guardian
  9394 | D        | Noticed an Orb Guardian
  9394 | D        | Noticed an Orb Guardian
  9394 | D        | Noticed an Orb Guardian
  9396 | D        | Killed an Orb Guardian
  9397 | D        | Killed an Orb Guardian
  9397 | D        | Killed an Orb Guardian
  9397 | D        | Killed an Orb Guardian
  9398 | D        | Reached skill level 27 in Throwing
  9400 | D        | Killed an Orb Guardian
  9401 | D        | Noticed an Orb Guardian
  9404 | D        | Noticed an Orb Guardian
  9405 | D        | Killed an Orb Guardian
  9407 | D        | Noticed an Orb Guardian
  9408 | D        | Noticed an Orb Guardian
  9409 | D        | Noticed an Orb Guardian
  9412 | D        | Killed an Orb Guardian
  9414 | D        | Killed an Orb Guardian
  9416 | D        | Killed an Orb Guardian
  9417 | D        | Noticed an Orb Guardian
  9418 | D        | Killed an Orb Guardian
  9421 | D        | Killed an Orb Guardian
  9429 | D        | Killed an Orb Guardian
  9547 | D        | Noticed an ancient lich
  9550 | D        | Reached XP level 19. HP: 207/207 MP: 16/16
  9559 | D        | Killed an ancient lich
  9769 | D        | Reached skill level 27 in Dodging
  9801 | D        | Got an elven rune of Zot
  9897 | D        | Noticed the Royal Jelly
  9908 | D        | Reached skill level 27 in Stealth
  9921 | D        | Reached skill level 1 in Short Blades
  9921 | D        | Reached skill level 1 in Axes
  9921 | D        | Reached skill level 1 in Maces & Flails
  9921 | D        | Reached skill level 1 in Polearms
  9921 | D        | Reached skill level 1 in Staves
  9921 | D        | Reached skill level 1 in Slings
  9921 | D        | Reached skill level 1 in Bows
  9921 | D        | Reached skill level 1 in Crossbows
  9921 | D        | Reached skill level 1 in Unarmed Combat
  9921 | D        | Reached skill level 1 in Invocations
  9925 | D        | Killed the Royal Jelly
  9926 | D        | Reached skill level 1 in Spellcasting
  9926 | D        | Reached skill level 1 in Conjurations
  9926 | D        | Reached skill level 1 in Hexes
  9926 | D        | Reached skill level 1 in Summonings
  9926 | D        | Reached skill level 1 in Necromancy
  9926 | D        | Reached skill level 1 in Translocations
  9926 | D        | Reached skill level 1 in Transmutations
  9926 | D        | Reached skill level 1 in Fire Magic
  9926 | D        | Reached skill level 1 in Ice Magic
  9926 | D        | Reached skill level 1 in Air Magic
  9926 | D        | Reached skill level 1 in Earth Magic
  9926 | D        | Reached skill level 1 in Poison Magic
  9953 | D        | Got a slimy rune of Zot
 10182 | D        | Reached skill level 5 in Short Blades
 10308 | D        | Noticed a royal mummy
 10310 | D        | Reached skill level 5 in Axes
 10316 | D        | Killed a royal mummy
 10317 | D        | Reached skill level 5 in Maces & Flails
 10317 | D        | Reached skill level 5 in Polearms
 10317 | D        | Reached skill level 5 in Staves
 10390 | D        | Noticed a royal mummy
 10390 | D        | Noticed a royal mummy
 10390 | D        | Noticed a royal mummy
 10394 | D        | Reached skill level 5 in Bows
 10394 | D        | Reached skill level 5 in Invocations
 10395 | D        | Reached skill level 5 in Slings
 10397 | D        | Killed a royal mummy
 10398 | D        | Reached skill level 5 in Crossbows
 10398 | D        | Reached skill level 5 in Unarmed Combat
 10398 | D        | Reached XP level 20. HP: 113/216 MP: 21/21
 10399 | D        | Killed a royal mummy
 10407 | D        | Killed a royal mummy
 10414 | D        | Got a golden rune of Zot
 10560 | D        | Noticed a bone dragon
 10575 | D        | Killed a bone dragon
 10576 | D        | Reached skill level 5 in Earth Magic
 10588 | D        | Got an abyssal rune of Zot
 10732 | D        | Noticed Geryon
 10743 | D        | Killed Geryon
 10744 | D        | Reached skill level 5 in Transmutations
 10762 | D        | Bought a tiger eye-encrusted plate armour for 1064 gold
                  | pieces
 10762 | D        | Identified the +9 plate armour "Pigh" {Dex+4} (You bought
                  | it in a shop in the Dungeon)
 10765 | D        | Bought a potion of attraction for 51 gold pieces
 10765 | D        | Bought a scroll of enchant armour for 127 gold pieces
 10774 | D        | Bought the +3 pair of seven-league boots {Rampage+∞} for
                  | 1800 gold pieces
 10774 | D        | Found the +3 pair of seven-league boots {Rampage+∞}
 10774 | D        | Bought a pair of heavily runed gloves for 427 gold pieces
 10774 | D        | Identified the +0 pair of gloves of the Goldsmith {rPois}
                  | (You bought it in a shop in the Dungeon)
 10774 | D        | Bought a pair of fine boots for 427 gold pieces
 10774 | D        | Identified the +0 pair of boots of Tiuveed {rElec rCorr
                  | Int+2} (You bought it in a shop in the Dungeon)
 10803 | D        | Noticed Ereshkigal
 10803 | D        | Found the +7 sceptre of Asmodeus
 10803 | D        | Noticed Asmodeus
 10805 | D        | Found the +4 staff of Dispater
 10805 | D        | Noticed Dispater
 10816 | D        | Found the +6 sword of Cerebov {flame}
 10816 | D        | Noticed Cerebov
 10821 | D        | Mangled by Asmodeus

Illustrated notes

Levels and vault maps discovered:
D:        linesprint [early_d, line_temple, items_1, d_10, items_2, lair_1,
          lair_end, items_3, orc_1, orc_end, items_4, d_15, swamp_1, shoals_1,
          snake_1, spider_1, d_20, vaults_1, items_5, swamp_end, shoals_end,
          snake_end, spider_end, vaults_end, d_27, items_6, zot_1, zot_end,
          crypt_end, forest_end, elf_end, slime_end, tomb_end, abyss_end,
          pan_hell_end]

Skill      XL: |  1  2  3  4  5  6  7  8  9 10 11 12 13 14 15 16 17 18 19 20 |
---------------+-------------------------------------------------------------+-----
Fighting       | 4 7 8 9 11 12 13 14 16 18 20 23 25 27 | 27.0
Armour         | 4 7 8 9 10 12 13 15 16 18 19 21 23 24 27 | 27.0
Shields        | 4 6 7 8 9 11 12 13 14 15 16 18 23 27 | 27.0
Long Blades    | 4 5 6 7 9 11 14 16 18 20 21 23 25 27 | 27.0
Dodging        | 1 2 3 4 5 6 8 11 16 24 27 | 27.0
Stealth        | 1 2 3 4 6 8 9 10 11 12 15 21 27 | 27.0
Evocations     | 1 4 8 11 15 18 20 23 26 27 | 27.0
Throwing       | 4 9 21 27 | 27.0
Short Blades   | 5 6 |  6.7
Axes           | 5 6 |  6.6
Maces & Flails | 5 6 |  6.5
Polearms       | 5 6 |  6.5
Staves         | 5 6 |  6.5
Slings         | 5 6 |  6.1
Bows           | 5 6 |  6.1
Crossbows      | 5 6 |  6.0
Unarmed Combat | 5 6 |  6.0
Invocations    | 5 6 |  6.1
Spellcasting   | 3 |  3.7
Conjurations   | 3 4 |  4.1
Hexes          | 3 4 |  4.1
Summonings     | 3 4 |  4.6
Necromancy     | 3 4 |  4.6
Translocations | 3 4 |  4.6
Transmutations | 4 5 |  5.0
Fire Magic     | 3 4 |  4.6
Ice Magic      | 3 4 |  4.6
Air Magic      | 4 |  4.6
Earth Magic    | 4 5 |  5.1
Poison Magic   | 3 4 |  4.6

Action                   |  1- 3 |  4- 6 |  7- 9 | 10-12 | 13-15 | 16-18 | 19-21 || total
-------------------------+-------+-------+-------+-------+-------+-------+-------++-------
Melee: Long sword        |    22 |    13 |       |       |       |       |       ||    35
       Headbutt          |     5 |     3 |     8 |    37 |    68 |    92 |    37 ||   250
       Scimitar          |       |     8 |    35 |   138 |       |       |       ||   181
       Demon blade       |       |       |       |    21 |   310 |   217 |       ||   548
       Double sword      |       |       |       |       |       |   199 |   155 ||   354
Throw: Javelin           |       |       |       |       |     8 |    32 |    26 ||    66
Invok: Potion Petition   |       |       |     1 |       |     3 |       |       ||     4
       Call Merchant     |       |       |       |       |     2 |     2 |     4 ||     8
Evoke: Wand              |       |       |     3 |     1 |       |       |       ||     4
       Lightning rod     |       |       |     3 |    48 |    94 |     9 |       ||   154
  Use: Potion            |     1 |     2 |       |       |    13 |     1 |     2 ||    19
       Scroll            |       |       |       |     1 |     6 |       |     4 ||    11
 Stab: Invisible         |       |     1 |     1 |       |       |       |       ||     2
       Distracted        |       |       |       |     5 |     6 |     3 |    13 ||    27
       Sleeping          |       |       |       |       |       |     1 |     3 ||     4
Armor: Scale mail        |     5 |     3 |       |       |       |    43 |    26 ||    77
       Chain mail        |       |     2 |    20 |    16 |       |       |       ||    38
       Plate armour      |       |       |       |    34 |   189 |    24 |       ||   247
Dodge: Dodged            |    11 |     5 |    15 |    46 |   105 |    69 |    28 ||   279
Block: Buckler           |     5 |     6 |     6 |    32 |    46 |       |       ||    95
       Tower shield      |       |       |       |       |   130 |   181 |    91 ||   402

Table legend: (Time is in decaauts) A = Elapsed time spent in this place. B = Non-inter-level travel time spent in this place. C = Inter-level travel time spent in this place. D = Time resting spent in this place. E = Time spent auto-exploring this place. F = Levels seen in this place. G = Mean time per level. A B C D E F G +--------+--------+--------+--------+--------+-----+--------+ Total | 10548 | 10548 | 0 | 3894 | 2140 | 1 | 10548.0 | Dungeon | 10548 | 10548 | 0 | 3894 | 2140 | 1 | 10548.0 | +--------+--------+--------+--------+--------+-----+--------+

Top non-repeatable levels by time:
       D: 10548 daAuts
